Cogmind - Beta 13 @@@ ROGUE MODE // 2024.05.12 @ 16:28:30 Player: satan5 Result: Destroyed by G-34 Mercenary with Small Laser Performance ------------- Evolutions (1) 500 Regions Visited (4) 800 Robots Destroyed (8) 40 Value Destroyed (141) 141 Prototype IDs (4) 80 Alien Tech Used (0) 0 Bonus (200) 200 TOTAL SCORE: 1761 Bonus ------- Entered Garrisons 200 Cogmind --------- Core Integrity 0/400 Matter 274/300 Energy 99/100 System Corruption 0% Temperature Cool (6) Movement Core (50) Location -9/Garrison Parts ------- > --- POWER (1) -------- (None) > --- PROPULSION (4) --- (None) > --- UTILITY (2) ------ (None) > --- WEAPON (2) ------- (None) > --- INVENTORY (5) ---- Improved Ion Engine Small Storage Unit High-capacity Matter Pod (0) Medium Armor Plating Peak State ------------ > --- POWER ------------ Ion Engine > --- PROPULSION ------- Aluminum Leg Aluminum Leg > --- UTILITY ---------- Small Storage Unit Seismic Detector > --- WEAPON ----------- Small Laser Assault Rifle > --- INVENTORY -------- Ion Engine [Rating: 7] Favorites ----------- Power Ion Engine Engine Ion Engine Propulsion Aluminum Leg Leg Aluminum Leg Utility Small Storage Unit Device Seismic Detector Storage Small Storage Unit Weapon Assault Rifle Energy Gun Small Laser Ballistic Gun Assault Rifle Build | -11 -10 -9 -9 -9 ------- Run | Yrd Mat Mat Sto Gar Slots Evolved 2 | . . 2 . . Power . | . . . . . Propulsion 2 | . . 2 . . Utility . | . . . . . Weapon . | . . . . . Parts Attached 14 | 7 1 5 . 1 Power 3 | 1 . 2 . . Engine 3 | 1 . 2 . . Core . | . . . . . Reactor . | . . . . . Propulsion 5 | 2 1 1 . 1 Treads . | . . . . . Leg 5 | 2 1 1 . 1 Wheel . | . . . . . Hover . | . . . . . Flight . | . . . . . Utility 4 | 2 . 2 . . Device 2 | 1 . 1 . . Storage 2 | 1 . 1 . . Processor . | . . . . . Hackware . | . . . . . Protection . | . . . . . Artifact . | . . . . . Weapon 2 | 2 . . . . Energy Gun 1 | 1 . . . . Energy Cannon . | . . . . . Ballistic Gun 1 | 1 . . . . Ballistic Cannon . | . . . . . Launcher . | . . . . . Special Weapon . | . . . . . Impact Weapon . | . . . . . Slashing Weapon . | . . . . . Piercing Weapon . | . . . . . Special Melee Weapon . | . . . . . Unidentified Prototypes . | . . . . . Parts Lost 8 | . 4 3 . 1 Power 2 | . . 2 . . Propulsion 3 | . 2 . . 1 Utility 1 | . . 1 . . Weapon 2 | . 2 . . . Highest Loss Streak 4 | . 4 3 . 1 To Critical Strikes . | . . . . . Average Slot Usage (%) 37 | . 66 41 13 . Engine 6 | . 10 9 . . Leg 10 | . 17 11 8 . Device 6 | . 10 9 . . Storage 7 | . 10 11 5 . Energy Gun 2 | . 9 . . . Ballistic Gun 2 | . 9 . . . Naked Turns 153 | . 43 . 12 98 Heaviest Build 14 | 14 14 11 5 . Greatest Support 20 | 20 20 10 10 3 Greatest Overweight (x) 1 | 1 1 1 . . Average Overweight (x) . | . . . . . Largest Inventory Capacity 8 | 8 8 8 8 5 Average Capacity 7 | 7 7 7 6 5 Most Carried 5 | 5 5 4 5 5 Average Carried 2 | 2 2 2 3 4 Final Capacity 8 | 8 5 8 5 5 Final Carried 5 | 1 5 3 5 4 Class Distribution -------------------- 100% | Mutant Dominant Class ---------------- Mutant | -10/Materials Mutant | -9/Materials Mutant | -9/Storage Mutant | -9/Garrison Resources | -11 -10 -9 -9 -9 ----------- Run | Yrd Mat Mat Sto Gar Matter Collected 337 | 257 30 . . 50 Remotely . | . . . . . Salvage Created 182 | 32 150 . . . Parts 24 | 5 19 . . . Haulers Intercepted . | . . . . . Recyclers Shooed 1 | 1 . . . . Parts Field Recycled . | . . . . . Retrieved Matter . | . . . . . Parts Self-Destructed . | . . . . . Prevented . | . . . . . Kills | -11 -10 -9 -9 -9 ------- Run | Yrd Mat Mat Sto Gar Combat Hostiles Destroyed 5 | . 5 . . . Guns 5 | . 5 . . . Classes Destroyed 4 | 1 3 . . . Tunneler 2 | 2 . . . . Watcher 1 | . 1 . . . Swarmer 3 | . 3 . . . Grunt 2 | . 2 . . . Best Kill Streak 6 | 2 6 . . . Combat Bots Only 5 | . 5 . . . Max Kills in Single Turn 1 | 1 1 . . . Gunslinging . | . . . . . Exploded . | . . . . . Melee . | . . . . . Uniques/NPCs Destroyed . | . . . . . Combat | -11 -10 -9 -9 -9 -------- Run | Yrd Mat Mat Sto Gar Hostile Shots Fired 146 | . 80 29 6 31 Missed 45 | . 23 10 . 12 Damage Taken 1281 | . 676 265 74 266 Core 632 | . 231 87 62 252 Absorbed by Shields 26 | . . . . 26 Core Remaining (%) 53 | 100 7 . . . Volleys Fired 24 | 6 18 . . . Largest 2 | 2 2 . . . Hottest 60 | 60 60 . . . Shots Fired 47 | 12 35 . . . Gun 47 | 12 35 . . . Cannon . | . . . . . Launcher . | . . . . . Special . | . . . . . Kinetic 24 | 6 18 . . . Thermal 23 | 6 17 . . . Explosive . | . . . . . Electromagnetic . | . . . . . Robot Hit Streak 8 | 3 8 . . . Robot Miss Streak 5 | 2 5 . . . Penetration Max . | . . . . . Secondary Targets 2 | . 2 . . . Max Gunslinging Chain 1 | . 1 . . . Shots Hit Robots 28 | 6 22 . . . Core Hits 12 | 3 9 . . . Critical Kills . | . . . . . Critical Parts Destroyed . | . . . . . Critical Strikes . | . . . . . Melee Attacks . | . . . . . Impact . | . . . . . Slashing . | . . . . . Piercing . | . . . . . Sneak Attacks . | . . . . . Combat Hostiles . | . . . . . Follow-up Attacks . | . . . . . Damage Inflicted 386 | 100 272 . . 14 Guns 372 | 100 272 . . . Cannons . | . . . . . Explosions . | . . . . . Melee . | . . . . . Ramming 14 | . . . . 14 Kinetic 210 | 55 155 . . . Thermal 162 | 45 117 . . . Explosive . | . . . . . Electromagnetic . | . . . . . Impact . | . . . . . Slashing . | . . . . . Piercing . | . . . . . Highest Corruption . | . . . . . Average Corruption . | . . . . . Corruption Purged . | . . . . . Corruption Blocked . | . . . . . Overload Shots . | . . . . . Overflow Damage . | . . . . . Projectiles . | . . . . . Explosions . | . . . . . Melee . | . . . . . Knockbacks . | . . . . . Impact . | . . . . . Kinetic . | . . . . . Secondary . | . . . . . Self-Inflicted Damage 6 | . . . . 6 Shots . | . . . . . Rammed 2 | . . . . 2 Targets Rammed 3 | . . . . 3 Kicked 1 | . . . . 1 Crushed . | . . . . . Highest Temperature 195 | . 195 10 . . Average Temperature 84 | . 86 10 . . Received Heat Transfer 671 | . 354 174 51 92 Siege Activations . | . . . . . Robots Corrupted . | . . . . . Combat Hostiles . | . . . . . Parts Fried . | . . . . . Impact Corruptions . | . . . . . Robots Melted . | . . . . . Combat Hostiles . | . . . . . Parts Melted 1 | . 1 . . . Heat Transferred 375 | 100 275 . . . Parts Sabotaged . | . . . . . Parts Stolen . | . . . . . Parts Stripped . | . . . . . Power Chain Reactions . | . . . . . Alert | -11 -10 -9 -9 -9 ------- Run | Yrd Mat Mat Sto Gar Peak Influence 143 | 10 143 77 39 104 Initial 49 | . 6 49 24 25 Average 59 | 3 87 65 25 75 Maximum Alert Level . | . . . . . Low Security (%) 100 | 100 100 100 100 100 Level 1 . | . . . . . Level 2 . | . . . . . Level 3 . | . . . . . Level 4 . | . . . . . Level 5 . | . . . . . High Security . | . . . . . Max Security . | . . . . . Squads Dispatched 2 | . 1 . 1 . Investigation 1 | . . . 1 . Extermination . | . . . . . Reinforcement 1 | . 1 . . . Assault . | . . . . . Garrison . | . . . . . Intercept . | . . . . . Searches Triggered . | . . . . . Construction Impeded . | . . . . . Haulers Reinforced . | . . . . . Active Scanning Responses . | . . . . . Cargo Convoy Interrupts . | . . . . . Stealth | -11 -10 -9 -9 -9 --------- Run | Yrd Mat Mat Sto Gar Distress Signals 2 | . 2 . . . Communications Jammed . | . . . . . Distress Signals . | . . . . . Times Spotted 36 | . 17 5 4 10 Peak Tracking Total 9 | . 8 5 4 9 Tactical Retreats . | . . . . . Traps | -11 -10 -9 -9 -9 ------- Run | Yrd Mat Mat Sto Gar Traps Triggered 4 | . 1 . 1 2 Indirectly . | . . . . . Trap Hack Attempts . | . . . . . Triggered . | . . . . . Disarmed . | . . . . . Reprogrammed . | . . . . . Reused . | . . . . . Traps Extracted . | . . . . . Installed . | . . . . . Triggered . | . . . . . Machines | -11 -10 -9 -9 -9 ---------- Run | Yrd Mat Mat Sto Gar Machines Disabled . | . . . . . Max in Single Turn . | . . . . . Machines Repaired . | . . . . . Machines Dismantled . | . . . . . Machines Sabotaged . | . . . . . Overloaded Fab Kills . | . . . . . Hacking | -11 -10 -9 -9 -9 --------- Run | Yrd Mat Mat Sto Gar Machines Accessed 5 | . . 3 1 1 Terminals 4 | . . 3 . 1 Fabricators . | . . . . . Repair Stations . | . . . . . Recycling Units . | . . . . . Scanalyzers . | . . . . . Garrison Access 1 | . . . 1 . Total Hacks 13 | . . 10 2 1 Successful 7 | . . 5 1 1 Failed 6 | . . 5 1 . Catastrophic . | . . . . . Database Lockouts . | . . . . . Manual 6 | . . 6 . . Terminals 11 | . . 10 . 1 Fabricators . | . . . . . Repair Stations . | . . . . . Recycling Units . | . . . . . Scanalyzers . | . . . . . Garrison Access 2 | . . . 2 . Terminal Hacks 5 | . . 4 . 1 Prototype ID Bank 2 | . . 2 . . Emergency Access Points 1 | . . . . 1 Patrol Status 1 | . . 1 . . Hauler Manifests 1 | . . 1 . . Fabricator Hacks . | . . . . . Repair Station Hacks . | . . . . . Recycling Unit Hacks . | . . . . . Scanalyzer . | . . . . . Garrison Access Hacks 1 | . . . 1 . Unlock Access 1 | . . . 1 . Unauthorized Hacks 1 | . . 1 . . Terminals 1 | . . 1 . . Botnet 1 | . . 1 . . Fabricators . | . . . . . Repair Stations . | . . . . . Recycling Units . | . . . . . Scanalyzers . | . . . . . Garrison Access . | . . . . . Data Cores Recovered . | . . . . . Used . | . . . . . Hacking Detections 4 | . . 3 1 . Full Trace Events . | . . . . . Feedback Events . | . . . . . Feedback Blocked . | . . . . . Robot Schematics Acquired . | . . . . . Robots Built . | . . . . . Authchips . | . . . . . Time . | . . . . . Total Robot Build Rating . | . . . . . Part Schematics Acquired . | . . . . . Parts Built . | . . . . . Authchips . | . . . . . Time . | . . . . . Total Part Build Rating . | . . . . . Parts Repaired . | . . . . . Time . | . . . . . Parts Recycled . | . . . . . Recycled Matter . | . . . . . Retrieved Matter . | . . . . . Retrieved Components . | . . . . . Parts Scanalyzed . | . . . . . Part Schematics Acquired . | . . . . . Parts Damaged . | . . . . . Bothacking | -11 -10 -9 -9 -9 ------------ Run | Yrd Mat Mat Sto Gar Used RIF Installer . | . . . . . Robots Hacked . | . . . . . Non-combat . | . . . . . Combat . | . . . . . Robot Hacks Applied . | . . . . . Relay Couplers Released . | . . . . . Fabnet Peak Effective % . | . . . . . Robots Rewired . | . . . . . Allies Hacked . | . . . . . Hacks Repelled . | . . . . . Allies | -11 -10 -9 -9 -9 -------- Run | Yrd Mat Mat Sto Gar Total Allies . | . . . . . Largest Group . | . . . . . Highest-Rated Group . | . . . . . Highest-Rated Ally . | . . . . . Total Orders . | . . . . . Ally Attacks . | . . . . . Total Damage . | . . . . . Kills . | . . . . . Allies Corrupted . | . . . . . Allies Melted . | . . . . . Intel | -11 -10 -9 -9 -9 ------- Run | Yrd Mat Mat Sto Gar Robot Analysis Total . | . . . . . Derelict Logs Recovered . | . . . . . Drone Launches . | . . . . . Drone Recoveries . | . . . . . Exploration | -11 -10 -9 -9 -9 ------------- Run | Yrd Mat Mat Sto Gar Turns Passed 540 | 99 148 157 37 99 Spaces Moved 417 | 46 117 83 42 129 Core 251 | 14 86 . 22 129 Treads . | . . . . . Legs 166 | 32 31 83 20 . Wheels . | . . . . . Hover . | . . . . . Flight . | . . . . . Fastest Speed 50 | 50 50 120 50 50 Average Speed 96 | 143 75 179 83 50 Slowest Speed 190 | 190 190 190 120 50 Overloaded Moves . | . . . . . Propulsion Burnouts . | . . . . . Robots Hopped . | . . . . . Cave-ins Triggered . | . . . . . Exploration Rate (%) 16 | 4 27 9 11 33 Regions Visited 4 Branch Regions 1 Pre-discovered Areas . | . . . . . Known Exits Taken 1 | . . . 1 . Unknown Exits Taken 3 | 1 1 1 . . Scrap Searched . | . . . . . Spaces Dug . | . . . . . Terrain Destroyed . | . . . . . Melee . | . . . . . Projectile . | . . . . . AOE . | . . . . . Terrain Rammed . | . . . . . Walls Destroyed . | . . . . . Machines Disabled . | . . . . . Actions | -11 -10 -9 -9 -9 --------- Run | Yrd Mat Mat Sto Gar Total 506 | 66 143 90 44 163 Wait 6 | . 3 . . 3 Move 414 | 45 116 82 42 129 Hop . | . . . . . Pick Up 11 | 7 1 3 . . Fast Attach 2 | 2 . . . . Attach 12 | 5 1 5 . 1 Detach 6 | . 4 . 2 . Swap . | . . . . . Drop 1 | 1 . . . . Fire 24 | 6 18 . . . Melee . | . . . . . Ram 2 | . . . . 2 Kick 1 | . . . . 1 Crush . | . . . . . Escape Stasis 27 | . . . . 27 Rewire . | . . . . . Trap . | . . . . . Miscellaneous . | . . . . . Route ------- -11/Scrapyard -10/Materials -9/Materials -9/Storage -9/Garrison History --------- Turn | Location | Event 34 | -11/Scrapyard | Discovered new exit (range 12) 100 | -11/Scrapyard | Entered Materials 182 | -10/Materials | Core integrity fell below 50% 206 | -10/Materials | Core integrity fell below 20% 225 | -10/Materials | Lost 4 parts (2n2w) 243 | -10/Materials | Discovered new exit (range 10) 248 | -10/Materials | Entered another Materials area 248 | -9/Materials | Evolved 2 slots: Propulsion x2 310 | -9/Materials | Build established: Mutant 377 | -9/Materials | Discovered new exit (range 16) 405 | -9/Materials | Entered Storage 424 | -9/Storage | Lost 3 parts (2p1u) 442 | -9/Storage | Identified exit to Garrison 442 | -9/Storage | Entered Garrison 464 | -9/Garrison | Triggered checkpoint 480 | -9/Garrison | Core integrity fell below 50% 510 | -9/Garrison | Triggered checkpoint 516 | -9/Garrison | Triggered checkpoint 517 | -9/Garrison | Core integrity fell below 20% 541 | -9/Garrison | Destroyed by G-34 Mercenary with Small Laser Last Messages --------------- Materials. 00526_ Triggered Stasis Trap. 00526_ A bubble of rippling energy engulfs the area. 00526_ Field strength at 94. 00526_ Field strength at 88. 00527_ Field strength at 82. 00528_ Field strength at 76. 00529_ Field strength at 70. 00530_ Field strength at 64. 00531_ Field strength at 58. 00532_ Field strength at 52. 00533_ Field strength at 46. 00534_ Field strength at 40. 00535_ Field strength at 34. 00536_ Field strength at 28. 00537_ Field strength at 19. 00538_ Field strength at 13. 00539_ Field strength at 4. 00540_ Stasis field depleted. Map ----- +----------------------------------------------------+ | ??# #??????? #????????????????????????????????? | | ??# #####+## #????????????????????????????????? | | ??# ## ## #????????????????????????????????? | | ??# ## ## ##???????????????????????????????? | | ??# #???????????????????????????????? | | ??+ #???????????????????????????????? | | ??# ^ #???????????????????????????????? | | ??# ## ## #???????????????????????????????? | | ??# ## ## ###?????????????????????????????? | | +?" #?????????????????????????????? | | ??" #?????????????????????????????? | | ??" #?????????????????????????????? | | ??" #?????????????????????????????? | | ??# ## ## ###?????????????????????????????? | | ?## ## ## ##########??????????????????????? | | #??????????????????????? | | " #??????????????????????? | | ### ###/### #??????????????????????? | | ??## ##""""## ##???#?# #??????????????????????? | | ???# ???????# #??????# #??????????????????????? | | ???# ????????# #??????+ #??????????????????????? | | ???+?????????# #??????# #??????????????????????? | | ?????????????# +??????# #??????????????????????? | | ?????????????# #??????# #??????????????????????? | | +????????????# #??????# #??????????????????????? | | ?????????????# ####+### @######?????????????????? | | ?????????????# g ??????????? | | ?????????????# g ^ ??????????? | | ?????????????####### ########+######?????????????? | | ???????????????????# #???????????????????????????? | | ???????????????????# #???????????????????????????? | | ???????????????????# #???????+???????????????????? | | ???????????????????# #???????????????????????????? | | ???????????????????# #???????????????????????????? | | ???????????????????# #???????????????????????????? | | ???????????????????? ????????????????????????????? | | ???????????????????? ??+?????????????????????????? | | ???????????????????? ????????????????????????????? | | ????????????????????+????????????????????????????? | | ?????????????????????????????????????????????????? | | ?????????????????????????????????????????????????? | | ?????????????????????????????????????????????????? | | ?????????????????????????????????????????????????? | | ?????????????????????????????????????????????????? | | ???????????????????+?+???????????????????????????? | | ??????????????????/???/??????????????????????????? | | ?????????????????????????????????????????????????? | | ???????????????????+?+???????????????????????????? | | ?????????????????????????????????????????????????? | | ?????????????????????????????????????????????????? | +----------------------------------------------------+ Best States ------------- Heat Dissipation 28 Energy Generation 10 Energy Capacity 250 Matter Stores 274 Matter Capacity 300 Sight Range 16 Terrain Scan Density 10 Evasion (%) 55 Item Schematics ----------------- None Robot Schematics ------------------ None Fabricated ------------ Nothing Alien Tech Used ----------------- None Achievements -------------- None Challenges ------------ None Game ------ Seed AlphaControlNanosword Manual? 0 Play Time 00:07:37 Cumulative 171.8 hours Start 2024.05.12 @ 16:21:58 End 2024.05.12 @ 16:28:30 Sessions 1 Manual Loads 0 Difficulty Rogue Special Mode None Game No. 69 Rogue 55 Adventurer 14 Explorer 0 Win Type - Total 11 Types 9/0/0/1/0/0/0/0/1 Lore% 64 Gallery% 76 Achievement% 63 Wizard Run 0 Options --------- Layout 2 ASCII 0 Keyboard 0 Movement Mouse Keybinds 0 Fullscreen 1 Font 20/SmallcapsGlow Map View 50x44 Zoom Use 0% Tactical HUD 1 Map Filters NONE Filters NONE Steam 1 RUN: 17f1a880-1dfd-44db-ac6e-81d82f72d8e4